 Seeded DCSS version 0.28.0-43-g3370ac3207 (webtiles) character file.

Game seed: 7121082916606783627 (custom seed)

15 gzilladon the Chopper (level 2, -6/27 HPs)
             Began as a Hill Orc Monk on Mar 30, 2022.
             Was a Believer of Beogh.
             Mangled by a worm (8 damage)
             ... on level 2 of the Dungeon.
             The game lasted 00:01:45 (678 turns).

gzilladon the Chopper (Hill Orc Monk)                Turns: 678, Time: 00:01:45

Health: -6/27      AC:  3    Str: 13    XL:     2   Next: 50%
Magic:  2/2        EV: 12    Int: 10    God:    Beogh [**....]
Gold:   10         SH:  0    Dex: 13    Spells: 1/1 levels left

rFire   . . .      SeeInvis .   a - +0 hand axe
rCold   . . .      Faith    .   (no shield)
rNeg    . . .      Spirit   .   c - +0 leather armour
rPois   .          Reflect  .   (no helmet)
rElec   .          Harm     .   (no cloak)
rCorr   .          Rampage  .   (no gloves)
Will    .....                   (no boots)
Stlth   ++........              (no amulet)
HPRegen 0.09/turn               (no ring)
MPRegen 0.08/turn               (no ring)

@: no status effects
A: no striking features
a: Renounce Religion, Smiting


You were on level 2 of the Dungeon.
You worshipped Beogh.
Beogh was pleased with you.
You visited 1 branch of the dungeon, and saw 3 of its levels.

You collected 10 gold pieces.

Inventory:

Hand Weapons
 a - a +0 hand axe (weapon)
Missiles
 d - a boomerang (quivered)
Armour
 b - a +0 robe
 c - a +0 leather armour (worn)
 e - a +0 scale mail


   Skills:
 + Level 4.0 Fighting
 * Level 4.7 Axes
 + Level 0.3 Armour
 - Level 2.4 Dodging
 - Level 1.5 Stealth


You had one spell level left.
You didn't know any spells.
Your spell library was empty.

Dungeon Overview and Level Annotations

Branches:
Dungeon (3/15)

Altars:


Message History

The ball python constricts you. The worm bites you.
You hit the worm.
The worm is heavily wounded.
You hit the worm. You closely miss the ball python.
The ball python closely misses you. The ball python constricts you.
The worm barely misses you.
The ball python bites you but does no damage.
The ball python constricts you.
You hit the worm.
The worm is severely wounded.
You barely miss the worm.
You hit the ball python but do no damage.
The ball python bites you but does no damage.
The ball python constricts you. The worm bites you. The worm bites you!
* * * LOW HITPOINT WARNING * * *
You slash the worm!
You kill the worm!
Beogh accepts your kill.
You barely miss the worm. You hit the ball python.
The ball python bites you but does no damage.
The ball python constricts you.
You hit the worm.
The worm is heavily wounded.
You hit the ball python.
You kill the ball python!
Beogh accepts your kill. The worm bites you.
* * * LOW HITPOINT WARNING * * *
Your Fighting skill increases to level 4!
You hit the worm.
The worm is heavily wounded.
You hit the worm.
The worm is severely wounded.
The worm bites you.
* * * LOW HITPOINT WARNING * * *
Unknown command.
You hit the worm but do no damage.
The worm is heavily wounded.
The worm bites you!
You die...

.. .. ....... ...###.
.<..... ...............
...#...#.......
...............
.......#.......
#..†).......
#####..w@....#
.........##....#...
#######...##..#.#...
.....##............#
..# #.....##........#
..#
#.##.##.........##..#
#.##............#...#
#...............#...###
#.##.###...............


You could see a worm.

Vanquished Creatures
  A worm (D:2)
  An orc (D:2)
  An endoplasm (D:2)
  2 goblins
  A hobgoblin (D:2)
  A kobold (D:2)
  2 ball pythons (D:2)
  A frilled lizard (D:3)
10 creatures vanquished.

Vanquished Creatures (others)
  An orc (D:3)
1 creature vanquished.

Grand Total: 11 creatures vanquished

Notes
Turn   | Place    | Note
-------+----------+-------------------------------------------
     0 | D:1      | gzilladon the Hill Orc Monk began the quest for the Orb.
     0 | D:1      | Reached XP level 1. HP: 19/19 MP: 1/1
    65 | D:2      | HP: 1/20 [orc/+0 club (2)]
   419 | D:3      | Reached XP level 2. HP: 15/27 MP: 2/2
   551 | D:3      | Became a worshipper of Beogh the Brigand
   551 | D:3      | Reached * piety under Beogh
   551 | D:3      | Reached ** piety under Beogh
   678 | D:2      | Mangled by a worm

Illustrated notes

Levels and vault maps discovered:
D:1:      minmay_arrival_plants_in_alcoves, layout_rooms, serial_shops, shop,
          chequers_serial_rivers_large_b
D:2:      layout_rooms, hellmonk_ecumenical_altar_leap_of_faith,
          minmay_door_square, nicolae_concentric_dashed_squares_mild
D:3:      cheibrodos_fertilizer, layout_basic, lemuel_tele_altar,
          lemuel_zombie_altar_yredelemnul, serial_shops,
          nicolae_shop_behind_doors, serial_rivers,
          chequers_serial_rivers_small_a, chequers_serial_rivers_micro_c,
          chequers_serial_rivers_room_a, chequers_serial_rivers_micro_e,
          chequers_serial_rivers_small_a, kennysheep_generic_room_9

Skill      XL: |  1  2 |
---------------+-------+-----
Fighting       | 4 |  4.0
Axes           | |  4.7
Armour         | |  0.3
Dodging        | |  2.4
Stealth        | |  1.5

Action                   || total
-------------------------++-------
Melee: Hand axe          ||    48
Invok: Convert to Beogh  ||     1
Armor: Leather armour    ||    11
Dodge: Dodged            ||    23
